 Dungeon Crawl Stone Soup version 0.27-a0-1555-g0e7b3fb1d2 (webtiles) character file.

Game seed: 6365719652366974563

16 Hansen the Grave Robber (level 2, -1/19 HPs)
             Began as a Human Necromancer on July 15, 2021.
             Slain by an adder (3 damage)
             ... on level 2 of the Dungeon.
             The game lasted 00:08:37 (1372 turns).

Hansen the Grave Robber (Human Necromancer)         Turns: 1372, Time: 00:08:37

Health: -1/19      AC:  8    Str:  8    XL:     2   Next: 75%
Magic:  1/5        EV:  3    Int: 15    God:
Gold:   61         SH:  0    Dex: 13    Spells: 4/5 levels left

rFire    + . .     SeeInvis .   c - +0 dagger
rCold    . . .     Faith    .   (no shield)
rNeg     . . .     Spirit   .   k - +0 chain mail
rPois    .         Reflect  .   (no helmet)
rElec    .         Harm     .   (no cloak)
rCorr    .         Rampage  .   (no gloves)
Will     .....                  (no boots)
Stlth    ..........             (no amulet)
HPRegen  0.06/turn              b - ring of protection from fire
MPRegen  0.09/turn              (no ring)

@: lethally poisoned (-1 -> -5), very slightly contaminated
A: no striking features
a: no special abilities


You were on level 2 of the Dungeon.
You visited 1 branch of the dungeon, and saw 2 of its levels.

You collected 61 gold pieces.

Inventory:

Hand Weapons
 c - a +0 dagger (weapon)
Missiles
 d - 50 stones (quivered)
Armour
 a - a +0 robe
 k - a +0 chain mail (worn)
Jewellery
 b - a ring of protection from fire (left hand)
Scrolls
 e - a scroll of magic mapping {unknown}
 g - a scroll of amnesia {unknown}
 h - a scroll of brand weapon {unknown}
 i - a scroll of teleportation {unknown}
Potions
 f - a potion of degeneration {unknown}
 j - a potion of magic {unknown}


   Skills:
 + Level 2.0 Dodging
 + Level 2.1 Stealth
 + Level 2.1 Spellcasting
 + Level 4.4 Necromancy


You had 4 spell levels left.
You knew the following spells:

 Your Spells              Type           Power      Damage    Failure   Level
a - Pain                  Necr           60%        1d7       100%        1

Your spell library contained the following spells:

 Spells                   Type           Power      Damage    Failure   Level
 Animate Skeleton         Necr           30%        N/A       100%        1
 Dazzling Flash           Conj/Hex       2%         N/A       100%        3
 Vampiric Draining        Necr           7%         2d7       100%        3
 Animate Dead             Necr           7%         N/A       100%        4
 Iskenderun's Mystic Bla  Conj/Tloc      1%         2d3       100%        4
 Agony                    Necr           15%        N/A       100%        5
 Starburst                Conj/Fire      0%         8x6d3     100%        6


Dungeon Overview and Level Annotations

Branches:
Dungeon (2/15)

Altars:


Message History

Press: ? - help, Shift-Dir - straight line, f/p - adder
Aim: an adder (chance to affect: 80%)
You miscast Pain.
Nothing appears to happen.
The adder bites you but does no damage.
Casting: Pain (safe; 100% risk of failure)
Confirm with . or Enter, or press ? or * to list all spells.
Aiming: Pain (safe; 100% risk of failure)
Press: ? - help, Shift-Dir - straight line, f/p - adder
Aim: an adder (chance to affect: 80%)
You miscast Pain.
Nothing appears to happen.
The adder bites you but does no damage.
Casting: Pain (safe; 100% risk of failure)
Confirm with . or Enter, or press ? or * to list all spells.
Aiming: Pain (safe; 100% risk of failure)
Press: ? - help, Shift-Dir - straight line, f/p - adder
Aim: an adder (chance to affect: 80%)
You miscast Pain.
Nothing appears to happen.
The adder bites you.
You are poisoned.
The adder poisons you! The adder bites you but does no damage.
Casting: Pain (safe; 100% risk of failure)
Confirm with . or Enter, or press ? or * to list all spells.
You don't have enough magic to cast this spell.
Unknown command.
Your chain mail prevents you from hitting the adder.
You feel sick. The adder bites you but does no damage.
You completely miss the adder.
You feel sick. The adder completely misses you.
You hit the adder but do no damage.
You feel sick.
The adder bites you but does no damage. x2
You hit the adder but do no damage.
You feel sick. The adder bites you.
You are more poisoned.
The adder poisons you!
You hit the adder.
The adder is lightly wounded.
You feel sick. The adder bites you but does no damage.
You miss the adder.
* * * LOW HITPOINT WARNING * * *
You feel sick. The adder bites you.
* * * LOW HITPOINT WARNING * * *
The adder bites you.
You die...

#... #.#
..>.. #.###
......##.#.#
....!....#.#
...........#
..#...####.#
.!....#<...#
#.### #.S..#
. #@#..#
#....#
######


You could see an adder.

Vanquished Creatures
  3 ball pythons (D:1)
  A goblin (D:1)
  4 jackals (D:1)
  2 kobolds (D:1)
  A bat (D:1)
  3 frilled lizards (D:1)
  A rat (D:1)
15 creatures vanquished.

Notes
Turn   | Place    | Note
-------+----------+-------------------------------------------
     0 | D:1      | Hansen the Human Necromancer began the quest for the Orb.
     0 | D:1      | Reached XP level 1. HP: 13/13 MP: 3/3
   407 | D:1      | Reached XP level 2. HP: 16/19 MP: 3/5
  1372 | D:2      | Slain by an adder

Illustrated notes

Levels and vault maps discovered:
D:1:      dpeg_arrival_rooms_c, layout_loops_ring, minmay_misc_feat_five,
          grunt_decor_mini_mirrors, minmay_misc_feat_tiny,
          chequers_serial_rivers_room_b, minmay_tromino_mix6
D:2:      layout_basic, basic_altar, nrook_mini_vaults, minmay_lizard_king,
          uniq_terence

Action                   || total
-------------------------++-------
Melee: Dagger            ||    17
 Cast: Pain              ||    22
Armor: Chain mail        ||    25
       Robe              ||     2
Dodge: Dodged            ||     3

Table legend: (Time is in decaauts)
 A = Elapsed time spent in this place.
 B = Non-inter-level travel time spent in this place.
 C = Inter-level travel time spent in this place.
 D = Time resting spent in this place.
 E = Time spent auto-exploring this place.
 F = Levels seen in this place.
 G = Mean time per level.
                   A        B        C        D        E       F      G
               +--------+--------+--------+--------+--------+-----+--------+
         Total |   1372 |   1252 |    120 |    153 |    901 |   2 |  686.0 |
       Dungeon |   1372 |   1252 |    120 |    153 |    901 |   2 |  686.0 |
               +--------+--------+--------+--------+--------+-----+--------+

Top non-repeatable levels by time:
     D:1: 1318 daAuts
     D:2: 54 daAuts
